 Dungeon Crawl Stone Soup version 0.17-a0-777-g32247ce (console) character file.

137 sose the Ruffian (level 5, -2/45 HPs)
             Began as a Ghoul Monk on Apr 25, 2015.
             Slain by an orc warrior
             ... wielding a +0 short sword
              (17 damage)
             ... on level 3 of the Dungeon.
             The game lasted 00:04:52 (1394 turns).

sose the Ruffian (Ghoul Monk)                       Turns: 1394, Time: 00:04:52

Health: -2/45      AC:  4    Str: 15    XL:     5   Next: 20%
Magic:  4/4        EV: 12    Int:  6    God:
Gold:   121        SH:  0    Dex: 11    Spells: 0 memorised, 4 levels left

rFire  + . .     SeeInvis .       - Unarmed
rCold  + . .     Clarity  .     m - +1 leather armour {rF+}
rNeg   + + +     SustAb   .     (no shield)
rPois  ∞         Gourm    .     (no helmet)
rElec  .         Spirit   .     (no cloak)
rCorr  .         Warding  .     (no gloves)
rMut   .         Stasis   .     (no boots)
MR     .....                    d - amulet of rage
Stlth  ++........               (no ring)
                                (no ring)

@: rotting, not resistant to hostile enchantments, unstealthy
A: rotting body, claws 1, carnivore 3, cold resistance 1, negative energy
resistance 3, slow healing 1, torment resistance, unbreathing
a: no special abilities


You were on level 3 of the Dungeon.
You were not hungry.

You visited 1 branch of the dungeon, and saw 3 of its levels.

You collected 121 gold pieces.

Inventory:

Armour
 a - a +0 robe
 m - a +1 leather armour of fire resistance (worn)
Jewellery
 d - an amulet of rage (around neck)
Magical devices
 i - a wand of frost (18)
Scrolls
 e - 2 scrolls of identify {unknown}
 g - 2 scrolls of enchant weapon {unknown}
 j - a scroll of remove curse {unknown}
 k - a scroll of blinking {unknown}
 n - 2 scrolls of teleportation {unknown}
 o - a scroll of fear {unknown}
 q - a scroll of recharging {unknown}
Potions
 f - a potion of mutation {unknown}
 h - 3 potions of invisibility {unknown}
 p - a potion of heal wounds {unknown}
Comestibles
 b - 3 meat rations
 c - 3 chunks of flesh
 l - a royal jelly


   Skills:
 - Level 3.2 Fighting
 - Level 2.6 Dodging
 - Level 2.1 Stealth
 + Level 6.9 Unarmed Combat


You had 4 spell levels left.
You didn't know any spells.

Dungeon Overview and Level Annotations

Branches:
Dungeon (3/15)

Altars:
Zin


Innate Abilities, Weirdness & Mutations

Your body is rotting away.
You thrive on raw meat.
You are immune to poison.
You have sharp fingernails.
You are carnivorous and can eat meat at any time.
Your flesh is cold resistant.
You are immune to negative energy.
You heal slowly when monsters are visible.
You are immune to unholy pain and torment.
You can survive without breathing.


Message History

The orc warrior is heavily wounded.
The orc warrior hits you but does no damage.
You barely miss the orc warrior.
The orc warrior is heavily wounded.
The orc warrior hits you with a short sword.
You closely miss the orc warrior.
The orc warrior is heavily wounded.
The orc warrior hits you with a short sword!
You barely miss the orc warrior.
The orc warrior is heavily wounded.
The orc warrior hits you with a short sword!
You scratch the orc warrior but do no damage.
The orc warrior is heavily wounded.
The orc warrior closely misses you.
The orc warrior is no longer bleeding.
You scratch the orc warrior.
The orc warrior begins to bleed from its wounds!
The orc warrior is almost dead.
The orc warrior hits you with a short sword!
You die...

#)(# #.# #))# #.#
#..# #.# #..# #.#
#..# #.# #..# #.#
#..# #.#
##############..#
#......o@.......#
##.##.############
#.#.##...#.#####..
#.......)........#
....##..)#########
##.## #. .. ###


You could see an orc warrior (bleeding).

Vanquished Creatures
  Ijyb (D:2)
  3 adders
  2 oozes (D:2)
  2 worms (D:3)
  7 orcs (D:3)
  4 bats
  4 goblins
  9 hobgoblins
  2 quokkas (D:2)
  2 ball pythons (D:2)
  7 giant cockroaches
  2 giant geckos
  3 giant newts
  3 jackals (D:2)
  3 kobolds
  3 rats
57 creatures vanquished.

Notes
Turn   | Place    | Note
--------------------------------------------------------------
     0 | D:1      | sose, the Ghoul Monk, began the quest for the Orb.
     0 | D:1      | Reached XP level 1. HP: 19/19 MP: 0/0
   138 | D:1      | Reached XP level 2. HP: 23/26 MP: 1/1
   224 | D:1      | Reached skill level 5 in Unarmed Combat
   439 | D:2      | Noticed Ijyb
   450 | D:2      | Killed Ijyb
   450 | D:2      | Reached XP level 3. HP: 14/31 MP: 2/2
   574 | D:2      | Reached skill level 6 in Unarmed Combat
   574 | D:2      | Reached XP level 4. HP: 38/38 MP: 3/3
   634 | D:2      | Found a glowing silver altar of Zin.
  1268 | D:3      | Reached XP level 5. HP: 40/45 MP: 4/4
  1374 | D:3      | Noticed an orc warrior
  1394 | D:3      | Slain by an orc warrior

Action                   |  1- 3 |  4- 6 || total
-------------------------+-------+-------++-------
Melee: Unarmed           |    74 |   119 ||   193
 Stab: Sleeping          |     4 |     2 ||     6
  Eat: Chunk             |     8 |     6 ||    14
